 Dungeon Crawl Stone Soup version 0.30-a0-778-g2ef04afb54 (webtiles) character file.

Game seed: 13777520599731817582

1033 browni3141 the Fighter (level 8, 0/132 HPs)
             Began as an Ogre Berserker on Feb 15, 2023.
             Was a Believer of Trog.
             Slain by a gnoll sergeant
             ... wielding a +4 spear of flaming
              (3 damage)
             ... on level 7 of the Dungeon.
             The game lasted 00:07:19 (4833 turns).

browni3141 the Fighter (Ogre Berserker)             Turns: 4833, Time: 00:07:20

Health: 0/132      AC:  3    Str: 24    XL:     8   Next: 24%
Magic:  8/8        EV: 10    Int:  8    God:    Trog [**....]
Gold:   163        SH:  0    Dex:  8    Spells: 7/7 levels left

rFire   . . .      SeeInvis .    t - +3 morningstar (holy)
rCold   . . .      Faith    .    (no shield)
rNeg    . . .      Spirit   .    b - +0 animal skin
rPois   .          Reflect  .    (helmet restricted)
rElec   .          Harm     .    (no cloak)
rCorr   .          Rampage  .    (gloves unavailable)
Will    .....                    (boots unavailable) Stlth
                                 (no amulet)
HPRegen 0.42/turn                (no ring)
MPRegen 0.11/turn                (no ring)

@: berserking, very quick
A: large, unfitting armour, tough skin 1
a: Renounce Religion, Berserk, Trog's Hand


You were on level 7 of the Dungeon.
You worshipped Trog.
Trog was pleased with you.
You visited 1 branch of the dungeon, and saw 6 of its levels.

You collected 345 gold pieces.
You spent 182 gold pieces at shops.

Inventory:

Hand Weapons
 a - a +0 spear
 k - a +0 trident
 t - a +3 morningstar of holy wrath (weapon)
Missiles
 h - 25 poisoned darts
Armour
 b - a +0 animal skin (worn)
Jewellery
 f - a ring of fire
 r - a +5 ring of evasion
Scrolls
 c - 2 scrolls of butterflies
 g - a scroll of blinking
 j - a scroll of vulnerability
 m - a scroll of teleportation
 p - 2 scrolls of fear {unknown}
 q - a scroll of enchant armour {unknown}
Potions
 d - 2 potions of ambrosia {unknown}
 e - a potion of berserk rage {unknown}
 i - a potion of magic {unknown}
 l - a potion of heal wounds {unknown}
 n - a potion of attraction {unknown}
 o - a potion of mutation {unknown}


   Skills:
 - Level 8.0 Fighting
 * Level 4.7 Maces & Flails
 - Level 5.0 Polearms
 + Level 4.3 Dodging


You had 7 spell levels left.
You didn't know any spells.
Your spell library was empty.

Dungeon Overview and Level Annotations

Branches:
Dungeon (7/15)
 Temple: D:4-7

Altars:
Trog
Uskayaw
Xom

Shops:
D:3 (


Innate Abilities, Weirdness & Mutations

You are too large for most types of armour.
You have tough skin. (AC +1)


Message History

The centaur hits you but does no damage.
The centaur kicks you but does no damage.
You are too injured to fight recklessly!
You are too injured to fight recklessly!
You puncture the centaur!
You kill the centaur!
Trog accepts your kill. The gnoll sergeant barely misses you.
You closely miss the gnoll.
The gnoll sergeant hits you from afar with a +4 spear of flaming.
The gnoll sergeant burns you. The gnoll hits you with a +0 whip.
You closely miss the gnoll.
The gnoll sergeant hits you from afar with a +4 spear of flaming!
* * * LOW HITPOINT WARNING * * *
The gnoll sergeant burns you.
* * * LOW HITPOINT WARNING * * *
The gnoll hits you but does no damage.
You barely miss the gnoll. The gnoll sergeant barely misses you.
The gnoll hits you with a +0 whip.
* * * LOW HITPOINT WARNING * * *
You impale the gnoll!!
You kill the gnoll!
Trog accepts your kill. The gnoll sergeant closely misses you.
You barely miss the gnoll. You hit the gnoll.
The gnoll is moderately wounded.
The gnoll closely misses you.
The gnoll sergeant hits you from afar with a +4 spear of flaming.
* * * LOW HITPOINT WARNING * * *
The gnoll sergeant burns you.
* * * LOW HITPOINT WARNING * * *
You bludgeon the gnoll!!
You feel the power of Trog in you as your rage grows.
You kill the gnoll!
Trog accepts your kill.
The gnoll sergeant hits you from afar with a +4 spear of flaming!
* * * LOW HITPOINT WARNING * * *
The gnoll sergeant burns you.
You die...

# #..# #. #..#
#.##..# .....# #...#
# #...#
#...#..g######
........)@...#
###.##.#####.# #. #.#
.. #.#
##################.#
...................#
#######^.........####
........#######..#
#######.#.....#..#


You could see a gnoll sergeant.

Vanquished Creatures
  An ice beast (D:5)
  2 centaurs (D:7)
  3 phantoms
  A necrophage (D:4)
  2 scorpions (D:5)
  A howler monkey (D:5)
  2 hounds
  3 jellies (D:5)
  An iguana (D:5)
  An orc wizard (D:5)
  3 gnolls (D:7)
  4 adders
  2 white imps (D:5)
  A worm (D:2)
  6 orcs
  4 endoplasms
  3 giant cockroaches
  8 goblins
  5 hobgoblins
  6 jackals
  8 ball pythons
  6 bats
  6 frilled lizards
  5 kobolds
  5 rats
89 creatures vanquished.

Notes
Turn   | Place    | Note
-------+----------+-------------------------------------------
     0 | D:1      | browni3141 the Ogre Berserker began the quest for the Orb.
     0 | D:1      | Reached XP level 1. HP: 24/24 MP: 1/1
   301 | D:1      | Reached XP level 2. HP: 32/32 MP: 2/2
   857 | D:2      | Reached XP level 3. HP: 40/40 MP: 3/3
  1018 | D:2      | Reached ** piety under Trog
  1192 | D:2      | Found a faded altar of an unknown god.
  1960 | D:3      | Found a hide-covered altar of Uskayaw.
  2125 | D:3      | Reached XP level 4. HP: 46/49 MP: 4/4
  2554 | D:3      | Reached skill level 5 in Fighting
  2592 | D:3      | Found Luirat's Antique Weapon Boutique.
  3144 | D:4      | Noticed a phantom
  3289 | D:3      | Killed a phantom
  3290 | D:3      | Reached skill level 6 in Fighting
  3290 | D:3      | Reached skill level 5 in Polearms
  3290 | D:3      | Reached XP level 5. HP: 59/59 MP: 5/5
  3490 | D:4      | Reached skill level 7 in Fighting
  3490 | D:4      | Reached XP level 6. HP: 44/71 MP: 6/6
  3544 | D:3      | Bought a runed morningstar for 182 gold pieces
  3728 | D:4      | Found a shimmering altar of Xom.
  3797 | D:5      | Entered Level 5 of the Dungeon
  3866 | D:5      | Reached skill level 1 in Maces & Flails
  4014 | D:5      | Reached XP level 7. HP: 78/78 MP: 7/7
  4398 | D:5      | Reached skill level 8 in Fighting
  4521 | D:5      | Reached XP level 8. HP: 86/88 MP: 8/8
  4537 | D:5      | You fall into a shaft and drop 2 floors!
  4768 | D:7      | Found a bloodstained altar of Trog.
  4833 | D:7      | HP: 3/132 [gnoll sergeant/+4 spear of flaming (16)]
  4833 | D:7      | Slain by a gnoll sergeant

Illustrated notes

Levels and vault maps discovered:
D:1:      dpeg_arrival_triangle_fractal, layout_basic
D:2:      layout_basic, shapermc_ecumenical_altar_venn, nrook_mini_vaults,
          minmay_pentomino_t4
D:3:      layout_basic, old_standard_altar, serial_shops, shop
D:4:      layout_rooms, mainiacjoe_overflow_alcove_4
D:5:      layout_loops_ring
D:7:      layout_basic, amcnicky_altar_gilded,
          chequers_temple_overflow_statue_of_worship, serial_shops, shop,
          serial_curves, eino_curves_03, eino_curves_01,
          nicolae_ossuary_entry_ruins, palyth_stone_intersect

Skill      XL: |  1  2  3  4  5  6  7 |
---------------+----------------------+-----
Polearms       | 4 5 |  5.0
Fighting       | 6 7 8 |  8.0
Maces & Flails | 2 4 |  4.7
Dodging        | 3 4 |  4.3

Action                     |  1- 3 |  4- 6 |  7- 9 || total
---------------------------+-------+-------+-------++-------
  Melee: Spear             |   136 |       |       ||   136
         Trident           |    14 |    62 |       ||    76
         Punch             |     2 |     1 |     2 ||     5
         Morningstar       |       |    33 |    43 ||    76
 Invoke: Berserk           |     4 |     3 |     1 ||     8
    Use: Scroll            |     2 |       |     2 ||     4
   Stab: Sleeping          |     1 |     1 |       ||     2
 Armour: Animal skin       |    36 |    13 |     9 ||    58
  Dodge: Dodged            |    57 |    45 |    22 ||   124

Table legend: (Time is in decaauts)
 A = Elapsed time spent in this place.
 B = Non-inter-level travel time spent in this place.
 C = Inter-level travel time spent in this place.
 D = Time resting spent in this place.
 E = Time spent auto-exploring this place.
 F = Levels seen in this place.
 G = Mean time per level.
                   A        B        C        D        E       F      G
               +--------+--------+--------+--------+--------+-----+--------+
         Total |   4922 |   4597 |    325 |    489 |   3216 |   6 |  820.3 |
       Dungeon |   4922 |   4597 |    325 |    489 |   3216 |   6 |  820.3 |
               +--------+--------+--------+--------+--------+-----+--------+

Top non-repeatable levels by time:
     D:3: 1403 daAuts
     D:2: 1082 daAuts
     D:1: 875 daAuts
     D:5: 776 daAuts
     D:4: 489 daAuts
     D:7: 295 daAuts
